Niagara IceDogs vs London Knights
Created - Thursday, March 30, 2023 at 07:11
Goals
|
| Niagara IceDogs |
0 |
3 |
2 |
5 |
| London Knights |
1 |
3 |
2 |
6 |
|
Shots
|
| Niagara IceDogs |
13 |
15 |
9 |
37 |
| London Knights |
12 |
17 |
5 |
34 |
|
1st period
1. London Knights , Tyce Thompson 4 (Jake Christiansen 1, Brandon Gignac 1) at 8:32
Penalties :
Joseph Duszak (NID) for Hooking (Minor) at 8:45
2nd period
2. London Knights , Ethan Bear 3 (Nick Swaney 1, Curtis Douglas 6) at 0:55 (PP)
3. London Knights , Brandon Gignac 1 (Ethan Bear 7, Jan Jenik 6) at 1:03
4. London Knights , Callahan Burke 1 (Dominik Bokk 4) at 2:14
5. Niagara IceDogs , Alex Whelan 2 (Chase Pearson 5, Jayden Halbgewachs 8) at 3:08
6. Niagara IceDogs , Jayden Halbgewachs 3 (Alex Whelan 5, Rasmus Asplund 1) at 14:44
7. Niagara IceDogs , Arttu Ruotsalainen 7 (Aliaksei Protas 8, Anthony Angello 1) at 16:29
Penalties :
Jonatan Berggren (NID) for Hooking (Minor) at 0:19, Joseph Duszak (NID) for Hooking (Minor) at 6:49, Conor Timmins (NID) for Interference (Minor) at 19:41
3rd period
8. London Knights , Troy Stecher 2 (Curtis Douglas 7) at 1:00 (PP)
9. London Knights , Jan Jenik 5 (Brandon Gignac 2, Tyce Thompson 5) at 1:47 (PP)
10. Niagara IceDogs , Arttu Ruotsalainen 8 (Aliaksei Protas 9, Rasmus Asplund 2) at 5:11
11. Niagara IceDogs , Rasmus Asplund 1 (Joseph Duszak 2, Arttu Ruotsalainen 10) at 8:04
Penalties :
Rasmus Asplund (NID) for Roughing (Minor) at 1:30, Curtis Douglas (LKN) for Holding Stick (Minor) at 14:15, Troy Stecher (LKN) for Hooking (Minor) at 18:34
Goalie Stats
Joseph Woll (NID), 28 saves from 34 shots - (0.824), L, 2-3-0, 58:36 minutes
Evan Cormier (LKN), 32 saves from 37 shots - (0.865), W, 1-0-0, 60:00 minutes
Players Stats for Niagara IceDogs
Player Name G A P +/- PIM S H SB GA TA FO MP PP MP PK MP
------------------------------------------------------------------------------------
Alex Whelan 1 1 2 2 0 1 3 0 1 0 0/1 13:33 0:07 0:00
Aliaksei Protas 0 2 2 2 0 3 1 0 0 1 0/1 19:20 1:41 2:02
Anthony Angello 0 1 1 -1 0 0 3 1 0 0 0/0 16:19 1:36 0:00
Arttu Ruotsalainen 2 1 3 2 0 8 1 0 2 0 0/2 21:19 1:41 3:57
Chase Pearson 0 1 1 2 0 4 2 0 0 1 0/0 13:14 0:00 0:00
Conor Timmins 0 0 0 -1 2 1 1 3 0 0 0/0 26:00 1:44 2:54
Filip Kral 0 0 0 0 0 0 3 1 0 1 0/0 12:09 0:00 0:12
Ian Mitchell 0 0 0 -1 0 1 1 1 0 0 0/0 27:14 1:44 4:07
James Hamblin 0 0 0 -1 0 0 2 0 0 0 0/0 6:32 0:00 0:02
Jayden Halbgewachs 1 1 2 2 0 8 0 1 0 0 4/5 13:39 0:07 0:00
Joachim Blichfeld 0 0 0 -1 0 0 0 0 0 0 0/0 16:19 1:36 0:00
Johannes Kinnvall 0 0 0 0 0 0 0 1 0 0 0/0 14:44 0:00 2:48
John Ludvig 0 0 0 3 0 1 1 0 0 0 0/0 20:50 1:40 2:03
Jonatan Berggren 0 0 0 -1 2 0 4 1 0 0 4/6 17:35 1:36 1:17
Joseph Duszak 0 1 1 3 4 1 0 2 0 0 0/0 19:05 1:40 0:16
Nicholas Robertson 0 0 0 0 0 0 2 0 0 0 0/1 3:56 0:07 0:15
Rasmus Asplund 1 2 3 1 2 8 1 0 1 0 16/28 23:52 1:41 3:32
Vasili Ponomarev 0 0 0 -1 0 1 1 0 0 2 2/7 8:05 0:00 1:15
Players Stats for London Knights
Player Name G A P +/- PIM S H SB GA TA FO MP PP MP PK MP
------------------------------------------------------------------------------------
Alexander Alexeyev 0 0 0 0 0 0 1 0 0 0 0/0 7:25 0:00 0:00
Brandon Gignac 1 2 3 -1 0 2 1 0 0 0 1/1 23:18 3:22 0:40
Callahan Burke 1 0 1 -1 0 5 0 0 1 0 6/10 15:25 0:12 0:42
Christian Wolanin 0 0 0 -1 0 0 0 0 2 0 0/0 17:42 1:46 1:27
Curtis Douglas 0 2 2 0 2 3 4 0 0 0 6/11 19:53 2:39 0:41
Declan McDonnell 0 0 0 -1 0 0 0 0 0 0 0/0 15:26 0:00 1:12
Dominik Bokk 0 1 1 -1 0 3 2 0 0 0 0/0 15:35 0:09 1:24
Ethan Bear 1 1 2 -1 0 2 2 3 0 1 0/0 26:26 4:24 1:57
Jake Christiansen 0 1 1 0 0 0 0 2 0 0 0/0 7:16 0:00 0:00
Jan Jenik 1 1 2 -1 0 6 0 0 2 0 11/26 24:07 3:22 1:50
Jordan Oesterle 0 0 0 -1 0 0 1 0 0 1 0/0 16:41 1:46 1:27
Nick Swaney 0 1 1 0 0 4 2 0 0 0 0/0 18:06 2:39 0:00
Sami Niku 0 0 0 0 0 0 0 0 0 1 0/0 11:28 0:00 0:34
Santeri Hatakka 0 0 0 0 0 0 0 0 0 1 0/0 12:01 0:00 0:32
Simon Lundmark 0 0 0 0 0 0 0 0 0 0 0/0 0:13 0:00 0:00
Simon Ryfors 0 0 0 0 0 2 1 1 0 0 1/2 18:06 2:39 0:03
Troy Stecher 1 0 1 -1 2 3 2 1 0 0 0/0 25:39 4:24 0:51
Tyce Thompson 1 1 2 -1 0 4 5 1 0 0 0/1 21:47 3:28 0:16
3 Stars
1 - Arttu Ruotsalainen (NID)
2 - Alex Whelan (NID)
3 - Tyce Thompson (LKN)
Power Play
Niagara IceDogs - 0 on 2 Attempt(s) - 0.00%
London Knights - 3 on 5 Attempt(s) - 60.00%
Penalty Kill
Niagara IceDogs - 2 on 5 Attempt(s) - 40.00%
- Score 0 goal in Penalty Kill
London Knights - 2 on 2 Attempt(s) - 100.00%
- Score 0 goal in Penalty Kill
Team Stat
Niagara IceDogs - Hits : 26 - Faceoff Wins : 26 - Blocked Shots : 11 - Penalty Minutes : 10
London Knights - Hits : 21 - Faceoff Wins : 25 - Blocked Shots : 8 - Penalty Minutes : 4
Official
Referees : Tom Kowal and Eric Furlatt
Linesman : Ryan Galloway and Ryan Gibbons
Game Notes
No Game Note
Niagara IceDogs
5 vs 5 Forward
Center Left Wing Right Wing Time % Phy DF OF
1 Rasmus Asplund Arttu Ruotsalainen Aliaksei Protas 40 1 2 2
2 Jonatan Berggren Joachim Blichfeld Anthony Angello 30 1 2 2
3 Jayden Halbgewachs Chase Pearson Alex Whelan 20 1 2 2
4 Vasili Ponomarev James Hamblin Rasmus Asplund 10 1 2 2
5 vs 5 Defense
Defense Defense Time % Phy DF OF
1 Ian Mitchell Conor Timmins 40 1 2 2
2 John Ludvig Joseph Duszak 30 1 2 2
3 Filip Kral Johannes Kinnvall 20 1 2 2
4 Ian Mitchell Conor Timmins 10 1 2 2
PowerPlay Forward
Center Left Wing Right Wing Time % Phy DF OF
1 Rasmus Asplund Arttu Ruotsalainen Aliaksei Protas 60 1 2 2
2 Jonatan Berggren Joachim Blichfeld Anthony Angello 40 1 2 2
PowerPlay Defense
Defense Defense Time % Phy DF OF
1 Ian Mitchell Conor Timmins 60 1 2 2
2 John Ludvig Joseph Duszak 40 1 2 2
Penalty Kill 4 Players Forward
Center Wing Time % Phy DF OF
1 Rasmus Asplund Arttu Ruotsalainen 60 1 2 2
2 Aliaksei Protas Jonatan Berggren 40 1 2 2
Penalty Kill 4 Players Defense
Defense Defense Time % Phy DF OF
1 Ian Mitchell Conor Timmins 60 1 2 2
2 John Ludvig Joseph Duszak 40 1 2 2
Penalty Kill - 3 Players Forward
Forward Time % Phy DF OF
1 Rasmus Asplund 60 1 2 2
2 Arttu Ruotsalainen 40 1 2 2
Penalty Kill - 3 Players Defense
Defense Defense Time % Phy DF OF
1 Ian Mitchell Conor Timmins 60 1 2 2
2 John Ludvig Joseph Duszak 40 1 2 2
4 vs 4 Forward
Center Wing Time % Phy DF OF
1 Rasmus Asplund Arttu Ruotsalainen 60 1 2 2
2 Aliaksei Protas Jonatan Berggren 40 1 2 2
4 vs 4 Defense
Defense Defense Time % Phy DF OF
1 Ian Mitchell Conor Timmins 60 1 2 2
2 John Ludvig Joseph Duszak 40 1 2 2
Last Minutes Offensive
Center Left Wing Right Wing Defense Defense
Rasmus Asplund Arttu Ruotsalainen Aliaksei Protas Ian Mitchell Conor Timmins
Last Minutes Defensive
Center Left Wing Right Wing Defense Defense
Rasmus Asplund Arttu Ruotsalainen Aliaksei Protas Ian Mitchell Conor Timmins
Goaltenders
Starting : Joseph Woll
Backup : Dylan Ferguson
Extra Forwards
Normal : Nicholas Robertson, Jayden Halbgewachs, Vasili Ponomarev - PP : Nicholas Robertson, Jayden Halbgewachs - PK : Vasili Ponomarev
Extra Defensemen
Normal : Filip Kral, Johannes Kinnvall, John Ludvig - PP : Filip Kral - PK : Johannes Kinnvall, John Ludvig
Penalty Shots
Rasmus Asplund, Arttu Ruotsalainen, Aliaksei Protas, Jonatan Berggren, Joachim Blichfeld
London Knights
5 vs 5 Forward
Center Left Wing Right Wing Time % Phy DF OF
1 Jan Jenik Brandon Gignac Tyce Thompson 40 1 2 2
2 Curtis Douglas Simon Ryfors Nick Swaney 30 1 2 2
3 Callahan Burke Dominik Bokk Declan McDonnell 20 1 2 2
4 Jan Jenik Curtis Douglas Brandon Gignac 10 1 2 2
5 vs 5 Defense
Defense Defense Time % Phy DF OF
1 Ethan Bear Troy Stecher 40 1 2 2
2 Jordan Oesterle Christian Wolanin 30 1 2 2
3 Sami Niku Santeri Hatakka 20 1 2 2
4 Alexander Alexeyev Jake Christiansen 10 1 2 2
PowerPlay Forward
Center Left Wing Right Wing Time % Phy DF OF
1 Jan Jenik Brandon Gignac Tyce Thompson 60 1 2 2
2 Curtis Douglas Simon Ryfors Nick Swaney 40 1 2 2
PowerPlay Defense
Defense Defense Time % Phy DF OF
1 Ethan Bear Troy Stecher 60 1 2 2
2 Jordan Oesterle Christian Wolanin 40 1 2 2
Penalty Kill 4 Players Forward
Center Wing Time % Phy DF OF
1 Jan Jenik Curtis Douglas 60 1 2 2
2 Brandon Gignac Tyce Thompson 40 1 2 2
Penalty Kill 4 Players Defense
Defense Defense Time % Phy DF OF
1 Ethan Bear Troy Stecher 60 1 2 2
2 Jordan Oesterle Christian Wolanin 40 1 2 2
Penalty Kill - 3 Players Forward
Forward Time % Phy DF OF
1 Jan Jenik 60 1 2 2
2 Curtis Douglas 40 1 2 2
Penalty Kill - 3 Players Defense
Defense Defense Time % Phy DF OF
1 Ethan Bear Troy Stecher 60 1 2 2
2 Jordan Oesterle Christian Wolanin 40 1 2 2
4 vs 4 Forward
Center Wing Time % Phy DF OF
1 Jan Jenik Curtis Douglas 60 1 2 2
2 Brandon Gignac Tyce Thompson 40 1 2 2
4 vs 4 Defense
Defense Defense Time % Phy DF OF
1 Ethan Bear Troy Stecher 60 1 2 2
2 Jordan Oesterle Christian Wolanin 40 1 2 2
Last Minutes Offensive
Center Left Wing Right Wing Defense Defense
Jan Jenik Brandon Gignac Tyce Thompson Ethan Bear Troy Stecher
Last Minutes Defensive
Center Left Wing Right Wing Defense Defense
Jan Jenik Brandon Gignac Tyce Thompson Ethan Bear Troy Stecher
Goaltenders
Starting : Evan Cormier
Backup : Michael McNiven
Extra Forwards
Normal : Callahan Burke, Dominik Bokk, Declan McDonnell - PP : Callahan Burke, Dominik Bokk - PK : Declan McDonnell
Extra Defensemen
Normal : Simon Lundmark, Sami Niku, Santeri Hatakka - PP : Simon Lundmark - PK : Sami Niku, Santeri Hatakka
Penalty Shots
Jan Jenik, Curtis Douglas, Brandon Gignac, Tyce Thompson, Nick Swaney
% Time on Ice - Niagara IceDogs
Lines # - Real PCT - Wanted PCT - Time Play
Normal Forward
1 - 31% - 40% - 15:39
2 - 30% - 30% - 15:04
3 - 26% - 20% - 13:14
4 - 13% - 10% - 6:29
Normal Defense
1 - 38% - 40% - 19:16
2 - 34% - 30% - 17:07
3 - 24% - 20% - 11:56
4 - 4% - 10% - 2:07
PP Forward
1 - 53% - 60% - 1:48
2 - 47% - 40% - 1:36
PP Defense
1 - 51% - 60% - 1:44
2 - 49% - 40% - 1:40
PK Forward
1 - 77% - 60% - 4:46
2 - 23% - 40% - 1:24
PK Defense
1 - 67% - 60% - 4:07
2 - 33% - 40% - 2:03
PK3 Forward
1 - 0% - 60%
2 - 0% - 40%
PK3 Defense
1 - 0% - 60%
2 - 0% - 40%
44 Forward
1 - 0% - 60%
2 - 0% - 40%
44 Defense
1 - 0% - 60%
2 - 0% - 40%
Last Minute Offensive - 0:00
Last Minute Defensive - 0:00
Total
Forward - 60:00
Defense - 60:00
|
% Time on Ice - London Knights
Lines # - Real PCT - Wanted PCT - Time Play
Normal Forward
1 - 37% - 40% - 18:31
2 - 33% - 30% - 16:26
3 - 27% - 20% - 13:35
4 - 4% - 10% - 1:54
Normal Defense
1 - 38% - 40% - 19:17
2 - 26% - 30% - 13:15
3 - 21% - 20% - 10:38
4 - 14% - 10% - 7:16
PP Forward
1 - 57% - 60% - 3:31
2 - 43% - 40% - 2:39
PP Defense
1 - 71% - 60% - 4:24
2 - 29% - 40% - 1:46
PK Forward
1 - 92% - 60% - 3:08
2 - 8% - 40% - 0:16
PK Defense
1 - 57% - 60% - 1:57
2 - 43% - 40% - 1:27
PK3 Forward
1 - 0% - 60%
2 - 0% - 40%
PK3 Defense
1 - 0% - 60%
2 - 0% - 40%
44 Forward
1 - 0% - 60%
2 - 0% - 40%
44 Defense
1 - 0% - 60%
2 - 0% - 40%
Last Minute Offensive - 0:00
Last Minute Defensive - 0:00
Total
Forward - 60:00
Defense - 60:00
|
Play-by-Play
1st period
0:01 of 1st period - Jan Jenik wins face-off versus Rasmus Asplund in neutral zone.
0:26 of 1st period - Jonatan Berggren is hit by Curtis Douglas and loses puck.
0:47 of 1st period - Snap shot by Jordan Oesterle.
0:47 of 1st period - Deflect By Callahan Burke.
0:47 of 1st period - Stopped by Joseph Woll with a rebound.
0:49 of 1st period - Wrist shot by Dominik Bokk.
0:49 of 1st period - Stopped by Joseph Woll with a rebound.
0:53 of 1st period - Snap shot by Callahan Burke.
0:53 of 1st period - Stopped by Joseph Woll without a rebound.
0:54 of 1st period - Jan Jenik wins face-off versus Vasili Ponomarev in Niagara IceDogs zone.
1:23 of 1st period - Dominik Bokk is hit by Alex Whelan and loses puck.
1:40 of 1st period - Backhand shot by Nick Swaney.
1:40 of 1st period - Stopped by Joseph Woll without a rebound.
1:41 of 1st period - Simon Ryfors wins face-off versus Jonatan Berggren in Niagara IceDogs zone.
2:06 of 1st period - Slapshot by Jonatan Berggren.
2:06 of 1st period - Shot Misses the Net.
2:32 of 1st period - Snap shot by Dominik Bokk.
2:32 of 1st period - Stopped by Joseph Woll with a rebound.
3:07 of 1st period - Dominik Bokk is hit by Anthony Angello and loses puck.
3:43 of 1st period - Wrist shot by Rasmus Asplund.
3:43 of 1st period - Stopped by Evan Cormier without a rebound.
3:44 of 1st period - Callahan Burke wins face-off versus Vasili Ponomarev in London Knights zone.
4:05 of 1st period - Snap shot by Jan Jenik.
4:05 of 1st period - Stopped by Joseph Woll without a rebound.
4:06 of 1st period - Jayden Halbgewachs wins face-off versus Jan Jenik in Niagara IceDogs zone.
4:39 of 1st period - Rasmus Asplund is hit by Nick Swaney and loses puck.
4:56 of 1st period - Off-side.
4:57 of 1st period - Vasili Ponomarev wins face-off versus Tyce Thompson in neutral zone.
5:00 of 1st period - Snap shot by Rasmus Asplund.
5:00 of 1st period - Stopped by Evan Cormier with a rebound.
5:24 of 1st period - Wrist shot by Jayden Halbgewachs.
5:24 of 1st period - Shot Misses the Net.
6:09 of 1st period - Ethan Bear is hit by Aliaksei Protas and loses puck.
6:30 of 1st period - Snap shot by Tyce Thompson.
6:30 of 1st period - Stopped by Joseph Woll with a rebound.
7:02 of 1st period - Wrist shot by Nick Swaney.
7:02 of 1st period - Stopped by Joseph Woll without a rebound.
7:03 of 1st period - Curtis Douglas wins face-off versus Alex Whelan in Niagara IceDogs zone.
7:10 of 1st period - Wrist shot by Nick Swaney.
7:10 of 1st period - Shot Misses the Net.
7:12 of 1st period - Wrist shot by Christian Wolanin.
7:12 of 1st period - Shot Blocked by Jayden Halbgewachs.
7:14 of 1st period - Slapshot by Simon Ryfors.
7:14 of 1st period - Shot Misses the Net.
7:16 of 1st period - Slapshot by Jordan Oesterle.
7:16 of 1st period - Shot Blocked by Filip Kral.
7:32 of 1st period - Icing by Filip Kral.
7:33 of 1st period - Callahan Burke wins face-off versus Arttu Ruotsalainen in Niagara IceDogs zone.
7:58 of 1st period - Joachim Blichfeld is hit by Curtis Douglas and loses puck.
8:05 of 1st period - Slapshot by Curtis Douglas.
8:05 of 1st period - Stopped by Joseph Woll with a rebound.
8:07 of 1st period - Slapshot by Jordan Oesterle.
8:07 of 1st period - Shot Blocked by Jonatan Berggren.
8:26 of 1st period - Wrist shot by Jan Jenik.
8:26 of 1st period - Stopped by Joseph Woll with a rebound.
8:28 of 1st period - Slapshot by Brandon Gignac.
8:28 of 1st period - Stopped by Joseph Woll with a rebound.
8:30 of 1st period - Wrist shot by Jake Christiansen.
8:30 of 1st period - Shot Blocked by Conor Timmins.
8:32 of 1st period - Snap shot by Tyce Thompson.
8:32 of 1st period - Goal by Tyce Thompson - Niagara IceDogs : 0 - London Knights : 1.
8:33 of 1st period - Brandon Gignac wins face-off versus Rasmus Asplund in neutral zone.
8:45 of 1st period - Minor Penalty to Joseph Duszak for Hooking.
8:46 of 1st period - Rasmus Asplund wins face-off versus Jan Jenik in Niagara IceDogs zone.
10:16 of 1st period - Icing by Tyce Thompson.
10:17 of 1st period - Curtis Douglas wins face-off versus Rasmus Asplund in London Knights zone.
10:43 of 1st period - Rasmus Asplund is hit by Curtis Douglas and loses puck.
10:45 of 1st period - Penalty to Joseph Duszak is over, Joseph Duszak is back on ice.
11:32 of 1st period - Dominik Bokk is hit by James Hamblin.
13:09 of 1st period - Jan Jenik is hit by Jonatan Berggren and loses puck.
13:33 of 1st period - Icing by Curtis Douglas.
13:34 of 1st period - Vasili Ponomarev wins face-off versus Curtis Douglas in London Knights zone.
13:35 of 1st period - Slapshot by Rasmus Asplund.
13:35 of 1st period - Stopped by Evan Cormier with a rebound.
13:39 of 1st period - Wrist shot by Rasmus Asplund.
13:39 of 1st period - Shot Blocked by Ethan Bear.
13:41 of 1st period - Slapshot by Rasmus Asplund.
13:41 of 1st period - Shot Misses the Net.
14:01 of 1st period - Icing by Callahan Burke.
14:02 of 1st period - Callahan Burke wins face-off versus Jayden Halbgewachs in London Knights zone.
14:07 of 1st period - Alex Whelan is hit by Dominik Bokk and loses puck.
14:36 of 1st period - Snap shot by Chase Pearson.
14:36 of 1st period - Stopped by Evan Cormier with a rebound.
14:38 of 1st period - Wrist shot by Chase Pearson.
14:38 of 1st period - Shot Misses the Net.
14:40 of 1st period - Snap shot by Chase Pearson.
14:40 of 1st period - Shot Misses the Net.
14:52 of 1st period - Snap shot by Jayden Halbgewachs.
14:52 of 1st period - Shot Misses the Net.
14:58 of 1st period - Slapshot by Chase Pearson.
14:58 of 1st period - Stopped by Evan Cormier with a rebound.
15:00 of 1st period - Wrist shot by Jayden Halbgewachs.
15:00 of 1st period - Stopped by Evan Cormier with a rebound.
15:02 of 1st period - Wrist shot by Ian Mitchell.
15:02 of 1st period - Stopped by Evan Cormier with a rebound.
15:04 of 1st period - Slapshot by Jayden Halbgewachs.
15:04 of 1st period - Stopped by Evan Cormier with a rebound.
15:18 of 1st period - Wrist shot by Jayden Halbgewachs.
15:18 of 1st period - Shot Misses the Net.
15:20 of 1st period - Snap shot by Jayden Halbgewachs.
15:20 of 1st period - Stopped by Evan Cormier without a rebound.
15:21 of 1st period - Rasmus Asplund wins face-off versus Curtis Douglas in London Knights zone.
15:26 of 1st period - Snap shot by Rasmus Asplund.
15:26 of 1st period - Stopped by Evan Cormier with a rebound.
15:28 of 1st period - Snap shot by Rasmus Asplund.
15:28 of 1st period - Stopped by Evan Cormier with a rebound.
15:30 of 1st period - Snap shot by Arttu Ruotsalainen.
15:30 of 1st period - Shot Misses the Net.
15:32 of 1st period - Wrist shot by Rasmus Asplund.
15:32 of 1st period - Deflect By Arttu Ruotsalainen.
15:32 of 1st period - Stopped by Evan Cormier with a rebound.
15:34 of 1st period - Slapshot by Aliaksei Protas.
15:34 of 1st period - Stopped by Evan Cormier with a rebound.
15:46 of 1st period - Simon Ryfors is hit by Jonatan Berggren and loses puck.
16:49 of 1st period - Off-side.
16:50 of 1st period - Curtis Douglas wins face-off versus Nicholas Robertson in neutral zone.
17:17 of 1st period - Jan Jenik is hit by Arttu Ruotsalainen and loses puck.
18:51 of 1st period - Icing by Dominik Bokk.
18:52 of 1st period - Callahan Burke wins face-off versus Rasmus Asplund in London Knights zone.
19:27 of 1st period - Nick Swaney is hit by Chase Pearson.
19:47 of 1st period - Slapshot by Dominik Bokk.
19:47 of 1st period - Deflect By Callahan Burke.
19:47 of 1st period - Shot Misses the Net.
19:47 of 1st period - Puck is out of play.
19:48 of 1st period - Rasmus Asplund wins face-off versus Callahan Burke in Niagara IceDogs zone.
Goals for this period are 0 for Niagara IceDogs vs 1 for London Knights.
Shots for this period are 13 for Niagara IceDogs vs 12 for London Knights.
2nd period
0:01 of 2nd period - Jan Jenik wins face-off versus Rasmus Asplund in neutral zone.
0:12 of 2nd period - Wrist shot by Jan Jenik.
0:12 of 2nd period - Stopped by Joseph Woll with a rebound.
0:14 of 2nd period - Snap shot by Jan Jenik.
0:14 of 2nd period - Shot Misses the Net.
0:16 of 2nd period - Slapshot by Troy Stecher.
0:16 of 2nd period - Deflect By Jan Jenik.
0:16 of 2nd period - Shot Blocked by Ian Mitchell.
0:16 of 2nd period - Puck is out of play.
0:17 of 2nd period - Jonatan Berggren wins face-off versus Curtis Douglas in Niagara IceDogs zone.
0:19 of 2nd period - Minor Penalty to Jonatan Berggren for Hooking.
0:20 of 2nd period - Rasmus Asplund wins face-off versus Jan Jenik in Niagara IceDogs zone.
0:20 of 2nd period - Rasmus Asplund is hit by Brandon Gignac.
0:53 of 2nd period - Wrist shot by Nick Swaney.
0:53 of 2nd period - Shot Blocked by Joseph Duszak.
0:55 of 2nd period - Slapshot by Ethan Bear.
0:55 of 2nd period - Goal by Ethan Bear - Niagara IceDogs : 0 - London Knights : 2.
0:56 of 2nd period - Jan Jenik wins face-off versus Rasmus Asplund in neutral zone.
1:01 of 2nd period - Slapshot by Jan Jenik.
1:01 of 2nd period - Stopped by Joseph Woll with a rebound.
1:03 of 2nd period - Backhand shot by Ethan Bear.
1:03 of 2nd period - Deflect By Brandon Gignac.
1:03 of 2nd period - Deflect By Ian Mitchell.
1:03 of 2nd period - Goal by Brandon Gignac - Niagara IceDogs : 0 - London Knights : 3.
1:04 of 2nd period - Rasmus Asplund wins face-off versus Jan Jenik in neutral zone.
1:41 of 2nd period - Snap shot by Callahan Burke.
1:41 of 2nd period - Stopped by Joseph Woll without a rebound.
1:42 of 2nd period - Jonatan Berggren wins face-off versus Jan Jenik in Niagara IceDogs zone.
1:42 of 2nd period - Jonatan Berggren is hit by Curtis Douglas.
1:52 of 2nd period - Snap shot by Brandon Gignac.
1:52 of 2nd period - Shot Blocked by Anthony Angello.
1:54 of 2nd period - Wrist shot by Ethan Bear.
1:54 of 2nd period - Shot Blocked by Joseph Duszak.
1:56 of 2nd period - Snap shot by Jan Jenik.
1:56 of 2nd period - Shot Misses the Net.
1:58 of 2nd period - Snap shot by Brandon Gignac.
1:58 of 2nd period - Shot Misses the Net.
2:12 of 2nd period - Wrist shot by Dominik Bokk.
2:12 of 2nd period - Stopped by Joseph Woll with a rebound.
2:14 of 2nd period - Wrist shot by Dominik Bokk.
2:14 of 2nd period - Deflect By Callahan Burke.
2:14 of 2nd period - Goal by Callahan Burke - Niagara IceDogs : 0 - London Knights : 4.
2:15 of 2nd period - Jan Jenik wins face-off versus Rasmus Asplund in neutral zone.
2:42 of 2nd period - Ian Mitchell is hit by Troy Stecher.
2:46 of 2nd period - Wrist shot by Nick Swaney.
2:46 of 2nd period - Stopped by Joseph Woll with a rebound.
2:50 of 2nd period - Snap shot by Simon Ryfors.
2:50 of 2nd period - Shot Misses the Net.
2:52 of 2nd period - Snap shot by Curtis Douglas.
2:52 of 2nd period - Shot Misses the Net.
2:54 of 2nd period - Snap shot by Simon Ryfors.
2:54 of 2nd period - Shot Blocked by Conor Timmins.
3:06 of 2nd period - Wrist shot by Chase Pearson.
3:06 of 2nd period - Stopped by Evan Cormier with a rebound.
3:08 of 2nd period - Snap shot by Alex Whelan.
3:08 of 2nd period - Goal by Alex Whelan - Niagara IceDogs : 1 - London Knights : 4.
3:09 of 2nd period - Jan Jenik wins face-off versus Rasmus Asplund in neutral zone.
3:18 of 2nd period - Wrist shot by Aliaksei Protas.
3:18 of 2nd period - Stopped by Evan Cormier with a rebound.
3:20 of 2nd period - Slapshot by John Ludvig.
3:20 of 2nd period - Deflect By Jan Jenik.
3:20 of 2nd period - Stopped by Evan Cormier with a rebound.
4:00 of 2nd period - Callahan Burke is hit by John Ludvig and loses puck.
4:19 of 2nd period - Ian Mitchell is hit by Tyce Thompson.
4:39 of 2nd period - Simon Ryfors is hit by Jonatan Berggren and loses puck.
5:06 of 2nd period - Santeri Hatakka is hit by Chase Pearson and loses puck.
6:21 of 2nd period - Nick Swaney is hit by Filip Kral.
6:49 of 2nd period - Minor Penalty to Joseph Duszak for Hooking.
6:50 of 2nd period - Rasmus Asplund wins face-off versus Jan Jenik in Niagara IceDogs zone.
8:14 of 2nd period - Troy Stecher is hit by Ian Mitchell.
8:49 of 2nd period - Penalty to Joseph Duszak is over, Joseph Duszak is back on ice.
9:12 of 2nd period - Dominik Bokk is hit by Filip Kral and loses puck.
9:31 of 2nd period - Snap shot by Jonatan Berggren.
9:31 of 2nd period - Shot Misses the Net.
11:24 of 2nd period - Slapshot by Jayden Halbgewachs.
11:24 of 2nd period - Stopped by Evan Cormier with a rebound.
11:26 of 2nd period - Wrist shot by Chase Pearson.
11:26 of 2nd period - Stopped by Evan Cormier with a rebound.
11:54 of 2nd period - Tyce Thompson is hit by James Hamblin and loses puck.
12:05 of 2nd period - Snap shot by Vasili Ponomarev.
12:05 of 2nd period - Stopped by Evan Cormier with a rebound.
12:44 of 2nd period - Alexander Alexeyev is hit by Conor Timmins and loses puck.
13:15 of 2nd period - Brandon Gignac is hit by Filip Kral and loses puck.
13:59 of 2nd period - Icing by Chase Pearson.
14:00 of 2nd period - Jayden Halbgewachs wins face-off versus Callahan Burke in Niagara IceDogs zone.
14:42 of 2nd period - Wrist shot by Jayden Halbgewachs.
14:42 of 2nd period - Shot Blocked by Jake Christiansen.
14:44 of 2nd period - Wrist shot by Jayden Halbgewachs.
14:44 of 2nd period - Goal by Jayden Halbgewachs - Niagara IceDogs : 2 - London Knights : 4.
14:45 of 2nd period - Jan Jenik wins face-off versus Rasmus Asplund in neutral zone.
14:48 of 2nd period - Slapshot by Troy Stecher.
14:48 of 2nd period - Stopped by Joseph Woll without a rebound.
14:49 of 2nd period - Rasmus Asplund wins face-off versus Jan Jenik in Niagara IceDogs zone.
14:49 of 2nd period - Rasmus Asplund is hit by Tyce Thompson.
14:55 of 2nd period - Snap shot by Arttu Ruotsalainen.
14:55 of 2nd period - Shot Misses the Net.
15:05 of 2nd period - Snap shot by Tyce Thompson.
15:05 of 2nd period - Stopped by Joseph Woll without a rebound.
15:06 of 2nd period - Jonatan Berggren wins face-off versus Curtis Douglas in Niagara IceDogs zone.
15:06 of 2nd period - Jonatan Berggren is hit by Nick Swaney.
15:19 of 2nd period - Snap shot by Simon Ryfors.
15:19 of 2nd period - Stopped by Joseph Woll without a rebound.
15:20 of 2nd period - Rasmus Asplund wins face-off versus Jan Jenik in Niagara IceDogs zone.
15:25 of 2nd period - Slapshot by Tyce Thompson.
15:25 of 2nd period - Stopped by Joseph Woll with a rebound.
15:46 of 2nd period - Brandon Gignac is hit by Alex Whelan and loses puck.
15:57 of 2nd period - Wrist shot by Jayden Halbgewachs.
15:57 of 2nd period - Stopped by Evan Cormier with a rebound.
15:59 of 2nd period - Slapshot by Joseph Duszak.
15:59 of 2nd period - Stopped by Evan Cormier with a rebound.
16:13 of 2nd period - Slapshot by Ethan Bear.
16:13 of 2nd period - Stopped by Joseph Woll with a rebound.
16:19 of 2nd period - Slapshot by Troy Stecher.
16:19 of 2nd period - Stopped by Joseph Woll with a rebound.
16:29 of 2nd period - Wrist shot by Aliaksei Protas.
16:29 of 2nd period - Deflect By Arttu Ruotsalainen.
16:29 of 2nd period - Goal by Arttu Ruotsalainen - Niagara IceDogs : 3 - London Knights : 4.
16:30 of 2nd period - Curtis Douglas wins face-off versus Rasmus Asplund in neutral zone.
16:35 of 2nd period - Snap shot by Curtis Douglas.
16:35 of 2nd period - Stopped by Joseph Woll with a rebound.
16:37 of 2nd period - Wrist shot by Nick Swaney.
16:37 of 2nd period - Shot Misses the Net.
16:39 of 2nd period - Snap shot by Nick Swaney.
16:39 of 2nd period - Stopped by Joseph Woll with a rebound.
16:41 of 2nd period - Slapshot by Jordan Oesterle.
16:41 of 2nd period - Shot Blocked by Conor Timmins.
17:16 of 2nd period - Snap shot by Callahan Burke.
17:16 of 2nd period - Stopped by Joseph Woll without a rebound.
17:17 of 2nd period - Jayden Halbgewachs wins face-off versus Callahan Burke in Niagara IceDogs zone.
17:26 of 2nd period - Wrist shot by Jayden Halbgewachs.
17:26 of 2nd period - Stopped by Evan Cormier with a rebound.
17:32 of 2nd period - Snap shot by Chase Pearson.
17:32 of 2nd period - Deflect By Jayden Halbgewachs.
17:32 of 2nd period - Stopped by Evan Cormier with a rebound.
18:05 of 2nd period - Slapshot by Rasmus Asplund.
18:05 of 2nd period - Shot Misses the Net.
18:21 of 2nd period - Slapshot by Conor Timmins.
18:21 of 2nd period - Stopped by Evan Cormier without a rebound.
18:22 of 2nd period - Jayden Halbgewachs wins face-off versus Callahan Burke in London Knights zone.
18:49 of 2nd period - Joseph Duszak is hit by Tyce Thompson and loses puck.
19:08 of 2nd period - Slapshot by Arttu Ruotsalainen.
19:08 of 2nd period - Stopped by Evan Cormier without a rebound.
19:09 of 2nd period - Rasmus Asplund wins face-off versus Simon Ryfors in London Knights zone.
19:24 of 2nd period - Snap shot by Nick Swaney.
19:24 of 2nd period - Shot Blocked by Johannes Kinnvall.
19:39 of 2nd period - Snap shot by Callahan Burke.
19:39 of 2nd period - Shot Misses the Net.
19:41 of 2nd period - Minor Penalty to Conor Timmins for Interference.
19:42 of 2nd period - Rasmus Asplund wins face-off versus Jan Jenik in Niagara IceDogs zone.
Goals for this period are 3 for Niagara IceDogs vs 3 for London Knights.
Shots for this period are 15 for Niagara IceDogs vs 17 for London Knights.
3rd period
0:01 of 3rd period - Jan Jenik wins face-off versus Rasmus Asplund in neutral zone.
0:26 of 3rd period - Ian Mitchell is hit by Ethan Bear and loses puck.
0:54 of 3rd period - Off-side.
0:55 of 3rd period - Curtis Douglas wins face-off versus Aliaksei Protas in neutral zone.
1:00 of 3rd period - Wrist shot by Troy Stecher.
1:00 of 3rd period - Deflect By Aliaksei Protas.
1:00 of 3rd period - Goal by Troy Stecher - Niagara IceDogs : 3 - London Knights : 5.
1:01 of 3rd period - Rasmus Asplund wins face-off versus Jan Jenik in neutral zone.
1:08 of 3rd period - Snap shot by Aliaksei Protas.
1:08 of 3rd period - Stopped by Evan Cormier without a rebound.
1:09 of 3rd period - Jan Jenik wins face-off versus Arttu Ruotsalainen in London Knights zone.
1:09 of 3rd period - Jan Jenik is hit by Rasmus Asplund.
1:30 of 3rd period - Minor Penalty to Rasmus Asplund for Roughing.
1:31 of 3rd period - Jan Jenik wins face-off versus Vasili Ponomarev in Niagara IceDogs zone.
1:47 of 3rd period - Snap shot by Jan Jenik.
1:47 of 3rd period - Goal by Jan Jenik - Niagara IceDogs : 3 - London Knights : 6.
1:48 of 3rd period - Rasmus Asplund wins face-off versus Jan Jenik in neutral zone.
1:48 of 3rd period - Conor Timmins is hit by Tyce Thompson.
2:51 of 3rd period - Alex Whelan is hit by Dominik Bokk and loses puck.
3:12 of 3rd period - Ethan Bear is hit by Vasili Ponomarev and loses puck.
4:12 of 3rd period - Icing by Jake Christiansen.
4:13 of 3rd period - Jan Jenik wins face-off versus Rasmus Asplund in London Knights zone.
5:11 of 3rd period - Snap shot by Aliaksei Protas.
5:11 of 3rd period - Deflect By Arttu Ruotsalainen.
5:11 of 3rd period - Deflect By Tyce Thompson.
5:11 of 3rd period - Goal by Arttu Ruotsalainen - Niagara IceDogs : 4 - London Knights : 6.
5:12 of 3rd period - Rasmus Asplund wins face-off versus Jan Jenik in neutral zone.
5:23 of 3rd period - Wrist shot by Jan Jenik.
5:23 of 3rd period - Stopped by Joseph Woll without a rebound.
5:24 of 3rd period - Rasmus Asplund wins face-off versus Jan Jenik in Niagara IceDogs zone.
5:24 of 3rd period - Rasmus Asplund is hit by Ethan Bear.
5:57 of 3rd period - Snap shot by Rasmus Asplund.
5:57 of 3rd period - Deflect By Ethan Bear.
5:57 of 3rd period - Stopped by Evan Cormier with a rebound.
5:59 of 3rd period - Wrist shot by Arttu Ruotsalainen.
5:59 of 3rd period - Stopped by Evan Cormier with a rebound.
6:29 of 3rd period - Wrist shot by Arttu Ruotsalainen.
6:29 of 3rd period - Shot Hit the Post.
6:47 of 3rd period - Wrist shot by Aliaksei Protas.
6:47 of 3rd period - Shot Blocked by Troy Stecher.
6:55 of 3rd period - Wrist shot by Arttu Ruotsalainen.
6:55 of 3rd period - Deflect By Tyce Thompson.
6:55 of 3rd period - Stopped by Evan Cormier with a rebound.
6:57 of 3rd period - Snap shot by Rasmus Asplund.
6:57 of 3rd period - Shot Misses the Net.
7:26 of 3rd period - Wrist shot by Rasmus Asplund.
7:26 of 3rd period - Shot Blocked by Tyce Thompson.
7:36 of 3rd period - Snap shot by Arttu Ruotsalainen.
7:36 of 3rd period - Stopped by Evan Cormier with a rebound.
7:52 of 3rd period - Wrist shot by Arttu Ruotsalainen.
7:52 of 3rd period - Stopped by Evan Cormier with a rebound.
7:54 of 3rd period - Snap shot by Rasmus Asplund.
7:54 of 3rd period - Shot Blocked by Ethan Bear.
8:04 of 3rd period - Slapshot by Rasmus Asplund.
8:04 of 3rd period - Goal by Rasmus Asplund - Niagara IceDogs : 5 - London Knights : 6.
8:05 of 3rd period - Curtis Douglas wins face-off versus Jonatan Berggren in neutral zone.
8:16 of 3rd period - Snap shot by Simon Ryfors.
8:16 of 3rd period - Stopped by Joseph Woll with a rebound.
8:20 of 3rd period - Snap shot by Simon Ryfors.
8:20 of 3rd period - Deflect By Curtis Douglas.
8:20 of 3rd period - Stopped by Joseph Woll with a rebound.
9:47 of 3rd period - Slapshot by James Hamblin.
9:47 of 3rd period - Deflect By Vasili Ponomarev.
9:47 of 3rd period - Shot Blocked by Jake Christiansen.
9:47 of 3rd period - Puck is out of play.
9:48 of 3rd period - Callahan Burke wins face-off versus Vasili Ponomarev in London Knights zone.
9:55 of 3rd period - Slapshot by Vasili Ponomarev.
9:55 of 3rd period - Shot Misses the Net.
10:27 of 3rd period - Declan McDonnell is hit by Alex Whelan and loses puck.
11:14 of 3rd period - Jake Christiansen is hit by Nicholas Robertson and loses puck.
12:39 of 3rd period - Alex Whelan is hit by Alexander Alexeyev and loses puck.
13:31 of 3rd period - Arttu Ruotsalainen is hit by Tyce Thompson and loses puck.
14:15 of 3rd period - Minor Penalty to Curtis Douglas for Holding Stick.
14:16 of 3rd period - Rasmus Asplund wins face-off versus Jan Jenik in London Knights zone.
14:40 of 3rd period - Jordan Oesterle is hit by Anthony Angello and loses puck.
15:03 of 3rd period - Ian Mitchell is hit by Troy Stecher and loses puck.
16:11 of 3rd period - Jan Jenik is hit by Nicholas Robertson.
16:15 of 3rd period - Penalty to Curtis Douglas is over, Curtis Douglas is back on ice.
16:46 of 3rd period - Off-side.
16:47 of 3rd period - Callahan Burke wins face-off versus Vasili Ponomarev in neutral zone.
17:05 of 3rd period - Wrist shot by Jayden Halbgewachs.
17:05 of 3rd period - Shot Blocked by Simon Ryfors.
17:11 of 3rd period - Johannes Kinnvall is hit by Simon Ryfors and loses puck.
17:51 of 3rd period - Jonatan Berggren is hit by Jordan Oesterle and loses puck.
18:02 of 3rd period - Slapshot by Ian Mitchell.
18:02 of 3rd period - Shot Blocked by Ethan Bear.
18:04 of 3rd period - Slapshot by Aliaksei Protas.
18:04 of 3rd period - Shot Misses the Net.
18:06 of 3rd period - Snap shot by Rasmus Asplund.
18:06 of 3rd period - Stopped by Evan Cormier with a rebound.
18:18 of 3rd period - Icing by Ethan Bear.
18:19 of 3rd period - Jonatan Berggren wins face-off versus Curtis Douglas in London Knights zone.
18:34 of 3rd period - Minor Penalty to Troy Stecher for Hooking.
18:35 of 3rd period - Rasmus Asplund wins face-off versus Jan Jenik in London Knights zone.
18:36 of 3rd period - Niagara IceDogs, Joseph Woll is pulled from the net.
18:50 of 3rd period - Wrist shot by Rasmus Asplund.
18:50 of 3rd period - Shot Misses the Net.
19:00 of 3rd period - Sami Niku is hit by Jonatan Berggren and loses puck.
19:53 of 3rd period - Dominik Bokk is hit by Anthony Angello and loses puck.
Goals for this period are 2 for Niagara IceDogs vs 2 for London Knights.
Shots for this period are 9 for Niagara IceDogs vs 5 for London Knights.
Back to the Top